 Dungeon Crawl Stone Soup version 0.20.1-1-g8b1a95d (webtiles) character file.

12814 vatarom the Martial Artist (level 11, -1/84 HPs)
             Began as a Demonspawn Transmuter on Sept 21, 2017.
             Was a Believer of Ashenzari.
             Slain by a bullfrog (6 damage)
             ... on level 8 of the Dungeon.
             The game lasted 00:28:36 (11559 turns).

vatarom the Martial Artist (Demonspawn Transmuter) Turns: 11559, Time: 00:28:36

Health: -1/84      AC:  2    Str: 12    XL:     11   Next: 67%
Magic:  11/14      EV: 27    Int: 16    God:    Ashenzari [**....]
Gold:   292        SH:  0    Dex: 21    Spells: 4/14 levels left

rFire    . . .     SeeInvis .     - Unarmed
rCold    . . .     Gourm    .   (shield currently unavailable)
rNeg     . . .     Faith    .   (armour currently unavailable)
rPois    x         Spirit   .   (helmet currently unavailable)
rElec    .         Reflect  .   (cloak currently unavailable)
rCorr    +         Harm     .   (gloves currently unavailable)
MR       .....     Rnd*Rage +   (boots currently unavailable)
Stlth    +++.......             x - amulet of regeneration (curse)
Regen    0.7/turn               i - ring of flight
MPRegen  0.2/turn               o - ring of resist corrosion

@: spider-form, invisible
A: berserk 1, clever 1, nightstalker 1, screaming 1, wild magic 1
a: End Transformation, Curse Item, Scrying, Renounce Religion, Evoke Flight


You were on level 8 of the Dungeon.
You worshipped Ashenzari.
Ashenzari was pleased with you.
You were not hungry.
You were a venomous arachnid creature.
You visited 3 branches of the dungeon, and saw 13 of its levels.
You also visited: Bailey.

You collected 447 gold pieces.
You spent 155 gold pieces at shops.

Inventory:

Missiles
 a - 105 arrows
 e - 3 throwing nets (quivered)
Armour
 w - a cursed +3 leather armour of poison resistance (melded)
Jewellery
 i - a ring of flight (left front leg)
 o - a ring of resist corrosion (right front leg)
 x - a cursed amulet of regeneration (around neck)
Wands
 b - a wand of scattershot (0/9)
 k - a wand of iceblast (2/15)
 m - a wand of flame (17/48)
 p - a wand of flame (26/48)
 s - a wand of polymorph (6/24)
 v - a wand of flame (22/48)
Scrolls
 f - 6 scrolls of amnesia
 q - a scroll of enchant armour
 t - a scroll of remove curse
 u - a scroll of identify
Potions
 d - a potion of cancellation
 g - 3 potions of flight
 l - 2 potions of agility
Books
 c - a book of Changes

   Spells                             Type                      Level
   a - Beastly Appendage              Transmutation                1
   b - Sticks to Snakes               Transmutation                2
   c - Spider Form                    Transmutation/Poison         3
   d - Ice Form                       Ice/Transmutation            4
   e - Blade Hands                    Transmutation                5
Comestibles
 h - 10 royal jellies
 j - 4 meat rations
 n - 10 fruits
 r - 2 bread rations
 A - 9 chunks of flesh


   Skills:
 + Level 7.4 Fighting
 - Level 4.0 Armour
 * Level 6.7 Dodging
 * Level 10.5 Unarmed Combat
 - Level 2.0 Spellcasting
 - Level 7.5 Transmutations
 - Level 6.2 Ice Magic


You had 4 spell levels left.
You knew the following spells:

 Your Spells              Type           Power        Failure   Level  Hunger
a - Beastly Appendage     Tmut           ####..       8%          1    #......
b - Sticks to Snakes      Tmut           ####....     10%         2    ###....
c - Spider Form           Tmut/Pois      ###.......   38%         3    ###....
d - Ice Form              Ice/Tmut       ####....     36%         4    #####..


Dungeon Overview and Level Annotations

Branches:
Dungeon (11/15)            Temple (1/1) D:6            Lair (1/6) D:8
    Orc: D:9-12

Altars:
Ashenzari
Cheibriados
Dithmenos
Elyvilon
Fedhas
Gozag
Hepliaklqana
Kikubaaqudgha
Makhleb
Nemelex Xobeh
Okawaru
Qazlal
Ru
Trog
Uskayaw
Vehumet
Xom
Yredelemnul
Zin
The Shining One

Shops:
D:7 *


Innate Abilities, Weirdness & Mutations

((You have a pair of small antennae on your head.))
((You have very sharp fingernails.))
((You have razor-sharp toenails.))
You are slightly more attuned to the shadows.
You tend to lose your temper in combat.
Your mind is acute. (Int +2)
You occasionally shout uncontrollably at your foes.
((You are covered in fur. (AC +1)))
Your spells are a little harder to cast, but a little more powerful.


Message History

You completely miss the yak. The bullfrog completely misses you.
The yak gores you!
* * * LOW HITPOINT WARNING * * *
The yak barely misses you.
Unknown command.
You hit the bullfrog.
The bullfrog is poisoned.
The bullfrog is lightly wounded.
The bullfrog completely misses you. The yak misses you. The yak gores you!
* * * LOW HITPOINT WARNING * * *
The yak completely misses you. The bullfrog barely misses you.
Unknown command.
You hit the bullfrog.
The bullfrog looks as sick as possible!
The bullfrog is heavily wounded.
The yak misses you. The bullfrog hits you.
* * * LOW HITPOINT WARNING * * *
The yak completely misses you. The yak misses you.
Unknown command.
You fade into invisibility!
The bullfrog hits you.
You die...

#.# ### #.######.#.....#########
#.###.# #..............+........
#...#.###.########.....######...
#.#.#................### #...
##.#.#.###.########.#.# #...
#....#.# #.##### #..#.# #...
##.###.###.....###.##.########...
#....#....>....FYYY..............
####.########.#Ys#.##.####.......
#.# #.####.##.# #.....## #.# #.#
#.##.####.....# #.# #.#
#.##..........# ####.###
####.####.#######.....# #......#
#..........##.#.#.....# ######.#
#.##.......##...#.##### #.#
#.###......##.#.#.###### #.#
#.###......##...........


You could see 4 yaks and a bullfrog.

Vanquished Creatures
  4 two-headed ogres
  Erica (D:8)
  Pikel (D:9)
  An ugly thing (D:11)
  Joseph (D:8)
  A gargoyle (D:11)
  2 trolls (D:10)
  4 hippogriffs
  Sigmund (D:6)
  13 yaks
  A wyvern (D:9)
  A hungry ghost (D:11)
  An orc warrior (D:6)
  2 sky beasts
  2 black bears
  An ice beast (D:11)
  6 ogres
  A centaur (D:6)
  A crocodile (D:11)
  A big kobold (D:7)
  6 bullfrogs
  A gnoll sergeant (D:5)
  2 scorpions
  7 wights
  A howler monkey (D:10)
  5 crimson imps
  4 centaur zombies
  5 hounds
  4 bullfrog zombies
  6 orc wizards
  2 orc priests
  3 bullfrog skeletons
  7 jellies
  4 iguanas
  2 centaur skeletons
  8 worker ants
  A hound skeleton (D:6)
  16 gnolls
  5 adders
  4 shadow imps
  6 oozes
  An adder zombie (D:6)
  An adder skeleton (D:8)
  A dart slug (D:1)
  6 leopard geckos
  10 orcs
  5 giant cockroaches
  4 goblins
  5 hobgoblins
  3 jackals (D:1)
  8 kobolds
  4 quokkas
  2 ball pythons
  5 bats
  3 frilled lizards
  A jackal zombie (D:6)
  A leopard gecko skeleton (D:4)
  3 quokka zombies
  3 rats
211 creatures vanquished.

Vanquished Creatures (collateral kills)
  A gnoll (D:7)
  2 adders (D:2)
  A frilled lizard (D:2)
  A rat (D:2)
5 creatures vanquished.

Vanquished Creatures (others)
  4 slaves (D:9)
  An ogre (D:9)
  A bullfrog skeleton (D:9)
6 creatures vanquished.

Grand Total: 222 creatures vanquished

Notes
Turn   | Place    | Note
-------+----------+-------------------------------------------
     0 | D:1      | vatarom the Demonspawn Transmuter began the quest for the Orb.
     0 | D:1      | Reached XP level 1. HP: 15/15 MP: 3/3
   449 | D:1      | Mutation became permanent: You have razor-sharp toenails. [demonic ancestry]
   449 | D:1      | Gained mutation: You have claws for feet. [demonic ancestry]
   449 | D:1      | Reached XP level 2. HP: 21/21 MP: 3/5
   800 | D:2      | Found a faded altar of an unknown god.
   829 | D:2      | Reached skill level 3 in Unarmed Combat
  1161 | D:2      | Reached XP level 3. HP: 25/27 MP: 4/6
  1254 | D:2      | Found a glowing silver altar of Zin.
  1285 | D:2      | Learned a level 2 spell: Sticks to Snakes
  1295 | D:2      | Learned a level 3 spell: Spider Form
  1492 | D:2      | Found a shadowy altar of Dithmenos.
  1867 | D:2      | Found a blossoming altar of Fedhas.
  1983 | D:3      | You fall through a shaft!
  1995 | D:4      | Gained mutation: You are slightly more attuned to the shadows. [demonic ancestry]
  1995 | D:4      | Reached XP level 4. HP: 33/34 MP: 3/7
  2227 | D:4      | Found a hide-covered altar of Uskayaw.
  2355 | D:4      | Gained mutation: Your body sometimes deteriorates upon taking damage. [potion of mutation]
  2355 | D:4      | Gained mutation: You tend to lose your temper in combat. [potion of mutation]
  2355 | D:4      | Gained mutation: You are covered in fur. (AC +1) [potion of mutation]
  2397 | D:4      | Reached XP level 5. HP: 35/39 MP: 3/8
  2463 | D:4      | Reached skill level 4 in Unarmed Combat
  2665 | D:5      | Entered Level 5 of the Dungeon
  2736 | D:5      | Lost mutation: Your body sometimes deteriorates upon taking damage. [potion of mutation]
  2736 | D:5      | Gained mutation: Your spells are a little harder to cast, but a little more powerful. [potion of mutation]
  2736 | D:5      | Gained mutation: You occasionally shout uncontrollably at your foes. [potion of mutation]
  2736 | D:5      | Gained mutation: Your mind is acute. (Int +2) [potion of mutation]
  2753 | D:5      | Noticed an ogre
  2764 | D:5      | Killed an ogre
  2974 | D:5      | Found a basalt altar of Yredelemnul.
  3062 | D:5      | Noticed an ogre
  3070 | D:5      | Killed an ogre
  3070 | D:5      | Gained mutation: You have sharp fingernails. [demonic ancestry]
  3070 | D:5      | Reached XP level 6. HP: 47/47 MP: 2/9
  3756 | D:6      | Noticed Sigmund
  3829 | D:6      | Reached skill level 5 in Unarmed Combat
  3910 | D:6      | Killed Sigmund
  3910 | D:6      | Gained mutation: You have very sharp fingernails. [demonic ancestry]
  3910 | D:6      | Reached XP level 7. HP: 40/54 MP: 7/10
  4775 | D:6      | Reached skill level 6 in Unarmed Combat
  4858 | D:6      | Found an ancient bone altar of Kikubaaqudgha.
  5084 | D:6      | Learned a level 4 spell: Ice Form
  5141 | D:6      | Gained mutation: You have razor-sharp toenails. [demonic ancestry]
  5141 | D:6      | Reached XP level 8. HP: 52/61 MP: 4/11
  5192 | D:6      | Found a staircase to the Ecumenical Temple.
  5277 | D:6      | Reached skill level 1 in Ice Magic
  5287 | Temple   | Entered the Ecumenical Temple
  5535 | Temple   | Became a worshipper of Ashenzari the Shackled
  6001 | D:7      | Found Xill's Assorted Antiques.
  6008 | D:7      | Bought a dyed leather armour for 155 gold pieces
  6582 | D:7      | Noticed a hippogriff
  6601 | D:7      | Killed a hippogriff
  7593 | D:8      | Noticed Erica
  7611 | D:8      | Killed Erica
  7611 | D:8      | Reached skill level 7 in Unarmed Combat
  7611 | D:8      | Reached skill level 5 in Transmutations
  7611 | D:8      | Reached XP level 9. HP: 57/66 MP: 8/12
  7724 | D:8      | Noticed a two-headed ogre
  7813 | D:7      | Reached skill level 5 in Ice Magic
  7930 | D:8      | Killed a two-headed ogre
  8058 | D:8      | Noticed Joseph
  8077 | D:8      | Killed Joseph
  8246 | D:8      | Noticed a two-headed ogre
  8255 | D:8      | Killed a two-headed ogre
  8255 | D:8      | Reached skill level 5 in Fighting
  8255 | D:8      | Reached skill level 1 in Armour
  8255 | D:8      | Reached skill level 8 in Unarmed Combat
  8255 | D:8      | Reached XP level 10. HP: 74/74 MP: 9/13
  8385 | D:8      | Found a staircase to the Lair.
  8474 | D:8      | Reached * piety under Ashenzari
  8831 | D:9      | Noticed Pikel
  8839 | D:9      | Killed Pikel
  9013 | D:9      | Found a sacrificial altar of Ru.
  9052 | D:9      | Reached skill level 5 in Dodging
  9238 | D:9      | Found a white marble altar of Elyvilon.
  9239 | D:9      | Found a burning altar of Makhleb.
  9240 | D:9      | Found a sparkling altar of Nemelex Xobeh.
  9432 | D:9      | Found a flagged portal.
  9445 | Bailey   | Entered a bailey
  9581 | D:9      | Noticed a two-headed ogre
  9597 | D:9      | Killed a two-headed ogre
  9597 | D:9      | Reached skill level 9 in Unarmed Combat
 10123 | D:10     | Entered Level 10 of the Dungeon
 10158 | D:10     | Gained mutation: You have a pair of small antennae on your head. [demonic ancestry]
 10158 | D:10     | Reached XP level 11. HP: 78/81 MP: 14/14
 10478 | D:10     | Noticed a two-headed ogre
 10518 | D:10     | Killed a two-headed ogre
 10572 | D:10     | Got the mace "Hydrabane" {vamp, rF+ Str+3 Int+4 Dex-4}
 10604 | D:10     | Identified the +7 mace "Hydrabane" {vamp, rF+ Str+3 Int+4 Dex-4} (You found it on level 10 of the Dungeon)
 10846 | D:11     | Reached skill level 10 in Unarmed Combat
 11200 | D:11     | Reached ** piety under Ashenzari
 11290 | D:11     | Noticed a red ugly thing
 11301 | D:11     | HP: 3/84 [red ugly thing (18)]
 11302 | D:11     | Killed a red ugly thing
 11308 | D:11     | HP: 2/84 [hound (5)]
 11496 | Lair:1   | Entered Level 1 of the Lair of Beasts
 11558 | D:8      | HP: 4/84 [bullfrog (5)]
 11559 | D:8      | Slain by a bullfrog

Skill      XL: |  1  2  3  4  5  6  7  8  9 10 11 |
---------------+----------------------------------+-----
Transmutations | 2 5 6 7 |  7.5
Dodging        | 2 3 4 5 6 |  6.7
Unarmed Combat | 3 4 5 6 7 8 9 10 | 10.5
Fighting       | 2 3 4 5 6 7 |  7.4
Ice Magic      | 4 6 |  6.2
Armour         | 1 3 4 |  4.0
Spellcasting   | |  2.0

Action                   |  1- 3 |  4- 6 |  7- 9 | 10-12 || total
-------------------------+-------+-------+-------+-------++-------
Melee: Unarmed           |   108 |   101 |   265 |   361 ||   835
       Kick              |    16 |    11 |    58 |    69 ||   154
       Headbutt          |     5 |     1 |    12 |     1 ||    19
       Punch             |     1 |     1 |    11 |    12 ||    25
Throw: Throwing net      |       |       |     1 |       ||     1
 Cast: Beastly Appendage |    18 |     4 |    11 |     3 ||    36
       Sticks to Snakes  |     4 |       |     4 |       ||     8
       Spider Form       |     2 |    10 |    12 |    13 ||    37
       Ice Form          |       |       |       |     3 ||     3
Invok: Curse Item        |       |       |       |     2 ||     2
 Abil: End Transformatio |       |       |       |     1 ||     1
Evoke: Wand              |       |       |       |     7 ||     7
  Use: Scroll            |     7 |     4 |     6 |    10 ||    27
       Potion            |     3 |     5 |     4 |     2 ||    14
 Stab: Sleeping          |     1 |     1 |     6 |     9 ||    17
       Held in net/web   |       |       |     1 |       ||     1
  Eat: Chunk             |     4 |     4 |     2 |    12 ||    22
       Bread ration      |       |     1 |     2 |       ||     3
       Royal jelly       |       |       |     3 |     5 ||     8
Armor: Robe              |    25 |     6 |    12 |       ||    43
       Skin              |       |     4 |     1 |     5 ||    10
       Leather armour    |       |       |    27 |    49 ||    76
Dodge: Dodged            |    77 |    77 |   236 |   275 ||   665
